 Dungeon Crawl Stone Soup version 0.28.0-53-g5a82cb258f (webtiles) character file.

Game seed: 332295961774254392

572 ILmort the Cleaver (level 7, -4/59 HPs)
             Began as a Hill Orc Fighter on Aug 26, 2022.
             Slain by an ogre
             ... wielding a +0 giant club
              (17 damage)
             ... on level 4 of the Dungeon.
             The game lasted 00:07:58 (3828 turns).

ILmort the Cleaver (Hill Orc Fighter)               Turns: 3828, Time: 00:07:58

Health: -4/59      AC:  8    Str: 21    XL:     7   Next: 34%
Magic:  7/7        EV:  9    Int:  8    God:
Gold:   195        SH:  0    Dex: 10    Spells: 6/6 levels left

rFire   + . .      SeeInvis .   a - +0 war axe
rCold   . . .      Faith    .   c - +0 buckler
rNeg    + . .      Spirit   .   b - +0 scale mail
rPois   .          Reflect  .   (no helmet)
rElec   .          Harm     .   w - +0 cloak
rCorr   .          Rampage  .   (no gloves)
Will    .....                   (no boots)
Stlth   ..........              (no amulet)
HPRegen 0.19/turn               t - ring of positive energy
MPRegen 0.10/turn               x - ring of protection from fire

@: confused, ambrosia-drunk, on berserk cooldown, slowed, very slow
A: no striking features
a: no special abilities


You were on level 4 of the Dungeon.
You visited 1 branch of the dungeon, and saw 4 of its levels.

You collected 195 gold pieces.

Inventory:

Hand Weapons
 a - a +0 war axe (weapon)
 v - a +2 whip of flaming
Armour
 b - a +0 scale mail (worn)
 c - a +0 buckler (worn)
 w - a +0 cloak (worn)
 y - a +0 tower shield
Jewellery
 t - a ring of positive energy (left hand)
 x - a ring of protection from fire (right hand)
Scrolls
 e - 3 scrolls of identify {unknown}
 h - a scroll of brand weapon {unknown}
 i - 2 scrolls of torment {unknown}
 k - a scroll of enchant armour {unknown}
 l - a scroll of enchant weapon {unknown}
 m - a scroll of magic mapping {unknown}
 o - a scroll of fog {unknown}
 p - 2 scrolls of vulnerability {unknown}
 r - a scroll of silence {unknown}
 s - 2 scrolls of immolation {unknown}
Potions
 d - a potion of might
 g - a potion of heal wounds {unknown}
 j - a potion of brilliance {unknown}
 n - a potion of lignification {unknown}
 q - a potion of ambrosia
 u - a potion of degeneration {unknown}


   Skills:
 * Level 4.0 Fighting
 + Level 10.1 Axes
 + Level 3.4 Armour
 - Level 3.2 Shields


You had 6 spell levels left.
You didn't know any spells.
Your spell library contained the following spells:

 Spells                   Type           Power      Damage    Failure   Level
 Apportation              Tloc           0%         N/A       83%         1
 Hailstorm                Conj/Ice       0%         3d3       100%        4
 Ice Form                 Ice/Tmut       0%         N/A       100%        4
 Alistair's Intoxication  Tmut/Pois      0%         N/A       100%        5
 Simulacrum               Ice/Necr       0%         N/A       100%        6


Dungeon Overview and Level Annotations

Branches:
Dungeon (4/15)
 Temple: D:4-7

Altars:
Qazlal
The Shining One

Shops:
D:1 ?

Annotations:
D:4 1 runed translucent door, Crazy Yiuf


Message History

There is a stone staircase leading up here.
You barely miss the goblin. You block the goblin's attack.
The goblin hits you but does no damage.
You closely miss the goblin. You slash the hobgoblin!
You kill the hobgoblin!
The goblin hits you but does no damage.
You closely miss the goblin. You block the goblin's attack.
You closely miss the goblin. The goblin hits you with a +0 dagger.
You slash the goblin!
You kill the goblin!
You start waiting.
An ogre is nearby!
The ogre shouts!
You barely miss the ogre.
The ogre hits you with a +0 giant club!!
You hit the ogre. The ogre closely misses you.
You hit the ogre. You hit the ogre.
The ogre hits you with a +0 giant club!!
You barely miss the ogre. The ogre hits you with a +0 giant club!
* * * LOW HITPOINT WARNING * * *
You completely miss the ogre. The ogre hits you with a +0 giant club!
* * * LOW HITPOINT WARNING * * *
You barely miss the ogre. The ogre hits you with a +0 giant club.
* * * LOW HITPOINT WARNING * * *
It was a potion of ambrosia.
You are confused.
You feel invigorated.
It was a potion of berserk rage.
A red film seems to cover your vision as you go berserk!
You feel yourself moving faster!
You feel mighty! The ogre barely misses you.
You feel a strong urge to attack something.
Things that are here:
a +0 dagger; a goblin corpse You bump into the rock wall.
You bump into the rock wall.
You feel your anger nearly subside.
You are no longer berserk.
You are exhausted.
You feel yourself slow down. The ogre hits you with a +0 giant club!
You die...

....#....# #...........
.#..#..#.#######.#.#.#.#.#.#
.#..#..#....................
.#..#††#..#.####.#.#)#.#.#.
##.##.##..#.###.............
#..#..##.......#.#.#.#.#.#.#
#..#..##.>#.##...........
#.†#..##..#.##.#O#.#.#.#.#
#.....#.....##..@†.........
#######...####.#.#.#.#.#.#.#
# #....## #.##........... #
#..... ..##.#.#.##### #
#>..######.##.#.#.# #
#........#......#.##
#####...####.####.#....#
........)....####.#.g#......
....................## .....


You could see an ogre.

Vanquished Creatures
  A bullfrog (D:4)
  A scorpion (D:4)
  A crimson imp (D:3)
  A hound (D:4)
  Jessica (D:3)
  Natasha (thrice) (D:2)
  2 iguanas (D:4)
  An orc wizard (D:3)
  A hound skeleton (D:3)
  4 gnolls (D:3)
  5 adders
  2 adder skeletons (D:4)
  2 worms (D:2)
  3 dart slugs
  5 orcs
  9 endoplasms
  6 giant cockroaches
  9 goblins
  6 hobgoblins
  7 jackals
  3 kobolds
  6 quokkas (D:2)
  4 ball pythons
  3 bats
  3 frilled lizards
  A goblin skeleton (D:3)
  A hobgoblin zombie (D:3)
  3 kobold skeletons (D:3)
  A kobold zombie (D:3)
  2 orc zombies (D:3)
  A quokka skeleton (D:4)
  4 rats
102 creatures vanquished.

Vanquished Creatures (others)
  2 fungi (D:2)
  3 plants (D:2)
5 creatures vanquished.

Grand Total: 107 creatures vanquished

Notes
Turn   | Place    | Note
-------+----------+-------------------------------------------
     0 | D:1      | ILmort the Hill Orc Fighter began the quest for the Orb.
     0 | D:1      | Reached XP level 1. HP: 19/19 MP: 1/1
    87 | D:1      | Reached skill level 3 in Axes
   233 | D:1      | Reached XP level 2. HP: 23/26 MP: 2/2
   289 | D:1      | Found Pesh's Magic Scroll Emporium.
   295 | D:1      | Reached skill level 4 in Axes
   915 | D:2      | Reached XP level 3. HP: 26/31 MP: 3/3
  1077 | D:2      | Reached skill level 5 in Axes
  1202 | D:2      | Noticed Natasha
  1210 | D:2      | Killed Natasha
  1211 | D:2      | Reached XP level 4. HP: 16/39 MP: 4/4
  1456 | D:2      | Reached skill level 6 in Axes
  1671 | D:2      | Found a faded altar of an unknown god.
  1733 | D:2      | Noticed Natasha
  1741 | D:2      | Killed Natasha
  1827 | D:2      | Noticed Natasha
  1838 | D:2      | Killed Natasha
  1839 | D:2      | Reached XP level 5. HP: 35/45 MP: 5/5
  1916 | D:3      | Reached skill level 7 in Axes
  2201 | D:3      | Found a glowing golden altar of the Shining One.
  2209 | D:3      | Reached skill level 8 in Axes
  2209 | D:3      | Reached XP level 6. HP: 50/51 MP: 6/6
  2590 | D:3      | Found a stormy altar of Qazlal.
  2600 | D:3      | Noticed Jessica
  2617 | D:3      | Killed Jessica
  3000 | D:4      | Reached skill level 9 in Axes
  3000 | D:4      | Reached XP level 7. HP: 22/57 MP: 7/7
  3487 | D:4      | Reached skill level 10 in Axes
  3711 | D:4      | Found a runed translucent door.
  3712 | D:4      | Noticed Crazy Yiuf
  3823 | D:4      | HP: 1/59 [ogre/+0 giant club (4)]
  3828 | D:4      | Slain by an ogre

Illustrated notes

Levels and vault maps discovered:
D:1:      grunt_arrival_lava_bath, layout_rooms, serial_shops, shop_fountains,
          minmay_misc_feat_enclosed
D:2:      layout_rooms, shapermc_ecumenical_altar_ellora,
          minmay_misc_feat_more_columns, grunt_ministairs_1,
          minmay_misc_feat_cross, minmay_pentomino_pile, uniq_natasha
D:3:      layout_basic, nicolae_tso_besieged_by_evil,
          nicolae_qazlal_general_emergency, minmay_misc_feat_rugged,
          uniq_jessica
D:4:      minmay_angry_zag, layout_loops_cross, st_stairs_11,
          uniq_crazy_yiuf_cottage

Skill      XL: |  1  2  3  4  5  6  7 |
---------------+----------------------+-----
Axes           | 3 4 5 6 8 9 10 | 10.1
Fighting       | 4 |  4.0
Armour         | |  3.4
Shields        | |  3.2

Action                   |  1- 3 |  4- 6 |  7- 9 || total
-------------------------+-------+-------+-------++-------
Melee: War axe           |    75 |   119 |    58 ||   252
  Use: Potion            |       |       |     2 ||     2
Armor: Scale mail        |    27 |    49 |    23 ||    99
Dodge: Dodged            |    37 |    65 |    16 ||   118
Block: Buckler           |    12 |    28 |     9 ||    49
